 Dungeon Crawl Stone Soup version 0.32-a0-558-g233958a4c4 (webtiles) character file.

Game seed: 9717487813923189911

1299 Alarak the Protected (level 8, -3/67 HPs)
             Began as a Barachi Hunter on Feb 29, 2024.
             Was an Initiate of Cheibriados.
             Killed from afar by an orc wizard (9 damage)
             ... with a puff of flame
             ... on level 5 of the Dungeon.
             The game lasted 00:16:54 (4909 turns).

Alarak the Protected (Barachi Hunter)               Turns: 4909, Time: 00:16:56

Health: -3/67      AC: 10    Str: 13    XL:     8   Next: 57%
Magic:  8/8        EV: 12    Int: 16    God:    Cheibriados [......]
Gold:   274        SH:  0    Dex: 26    Spells: 7/7 levels left

rFire   . . .        a - +1 shortbow
rCold   . . .        (shield currently unavailable)
rNeg    . . .        r - +0 ring mail
rPois   .            h - +0 helmet
rElec   .            q - +0 cloak
rCorr   .            (no gloves)
SInv    .            (no boots)
Will    .....        (no amulet)
Stlth   ++           e - +6 ring of dexterity
HPRegen 0.31/turn    n - +6 ring of intelligence
MPRegen 0.11/turn

%: no passive effects
@: unable to hop, very slow
A: amphibious, slowness 1, strong legs 1, +LOS
a: Hop, Renounce Religion


You were on level 5 of the Dungeon.
You worshipped Cheibriados.
Cheibriados was noncommittal.
You visited 2 branches of the dungeon, and saw 7 of its levels.
You also visited: Sewer.

You collected 274 gold pieces.

Inventory:

Hand Weapons
 a - a +1 shortbow (weapon)
Missiles
 g - 34 poisoned darts
 t - 2 throwing nets
Armour
 c - a +0 leather armour
 h - a +0 helmet (worn)
 q - a +0 cloak (worn)
 r - a +0 ring mail (worn)
 w - the +8 chain mail of the Wilderness {rN++ Str-2}
   (You found it on level 4 of the Dungeon)

   Str-2:     It affects your strength (-2).
   rN++:      It greatly protects you from negative energy.
Jewellery
 e - a +6 ring of dexterity (left hand)
 n - a +6 ring of intelligence (right hand)
 o - an amulet of faith
 x - a ring of see invisible
Wands
 y - a wand of iceblast (12)
Scrolls
 b - 2 scrolls of butterflies
 d - 2 scrolls of teleportation
 l - a scroll of revelation
 p - 2 scrolls of enchant weapon
 v - a scroll of blinking {unknown}
Potions
 f - 2 potions of might
 i - a potion of cancellation {unknown}
 j - 3 potions of curing
 k - a potion of mutation
 m - a potion of enlightenment {unknown}
 s - a potion of attraction
 u - a potion of ambrosia
 z - a potion of resistance
 A - a potion of berserk rage {unknown}
 B - a potion of brilliance {unknown}


   Skills:
 - Level 7.1 Fighting
 - Level 4.1 Ranged Weapons
 + Level 9.9 Armour
 - Level 2.1 Dodging
 - Level 0.8 Stealth


You had 7 spell levels left.
You didn't know any spells.
Your spell library contained the following spells:

 Spells                   Type           Power      Damage    Failure   Level
 Static Discharge         Conj/Air       0%         3-3/arc   56%         2
 Stone Arrow              Conj/Erth      0%         3d7       80%         3
 Tukima's Dance           Hex            0%         N/A       80%         3
 Airstrike                Air            0%         2d(0-16)  99%         4
 Animate Armour           Summ/Erth      0%         N/A       99%         4
 Dimensional Bullseye     Hex/Tloc       0%         N/A       99%         4
 Iskenderun's Mystic Bla  Conj/Tloc      0%         2d3       99%         4
 Summon Lightning Spire   Summ/Air       0%         N/A       99%         4
 Lehudib's Crystal Spear  Conj/Erth      0%         10d2      100%        8


Dungeon Overview and Level Annotations

Branches:
Dungeon (6/15)             Temple (1/1) D:5           Sewer (visited)

Altars:
Ashenzari
Cheibriados
Dithmenos
Elyvilon
Fedhas
Gozag
Kikubaaqudgha
Makhleb
Nemelex Xobeh
Okawaru
Qazlal
Ru
Sif Muna
Trog
Uskayaw
Vehumet
Wu Jian
Xom
Yredelemnul
Zin
The Shining One

Annotations:
D:3 3 runed translucent doors, Skimidon's ghost, amateur DEHu


Innate Abilities, Weirdness & Mutations

You are amphibious.
You cover ground slowly.
You can hop short distances.
You have an extended range of vision and can be seen from far away.


Message History

Your butterfly disappears in a burst of colours!
The phantom hits your butterfly!
Your butterfly dies!
Your butterfly disappears in a burst of colours!
The gnoll misses your butterfly. The gnoll closely misses you.
The orc misses your butterfly.
The scorpion barely misses your butterfly.
The gnoll misses your butterfly.
There is an escape hatch in the ceiling here.
You see here a +0 club.
The gnoll completely misses your butterfly.
The gnoll hits you with a +0 whip.
* * * LOW HITPOINT WARNING * * *
The orc completely misses your butterfly.
The scorpion stings your butterfly.
Your butterfly dies!
Your butterfly disappears in a burst of colours!
The gnoll closely misses your butterfly.
You hear some strange, mumbled words.
A magic dart appears from out of thin air!
The magic dart hits you but does no damage.
A mysterious force pulls you upwards. The hatch slams shut behind you.
Your summoned allies are left behind.
Reactivating autopickup.
You shoot an arrow. The arrow hits the gnoll.
The gnoll is moderately wounded.
The gnoll hits you with a +0 whip!
* * * LOW HITPOINT WARNING * * *
You hear some strange, mumbled words.
Deactivating autopickup; reactivate with Ctrl-A.
Something tries to affect you, but you resist.
You shoot an arrow.
The arrow hits the gnoll but does no damage.
The gnoll is moderately wounded.
The gnoll barely misses you.
You hear some strange, mumbled words.
A puff of flame appears from out of thin air!
The puff of flame hits you!
You die...
Cheibriados appreciates the motionlessness of death.

#....(...........
#................
#................
##################......
#......# #.....##...°°.
#.####'####.....####+..☼
#.#.......#.....'.......
#.#.......#.....###....☼
#.#....@g.##'#### #.....
#.#....{.....## #.....
#.#######.....# #.....
#.# #.....# #.##..
#.#######.....#####.####
#.......'.....'.....#
#########.....#######
#.....# #.....#


You could see a gnoll.

Vanquished Creatures
  2 ice beasts (D:5)
  A phantom (D:4)
  5 kobold brigands (Sewer)
  A scorpion (D:5)
  A gnoll sergeant (D:5)
  A hound (D:4)
  An orc priest (D:3)
  Crazy Yiuf (D:2)
  2 sleepcaps (D:5)
  5 iguanas
  An orc wizard (D:3)
  9 gnolls
  9 adders
  A river rat (Sewer)
  A shadow imp (D:5)
  2 white imps (D:5)
  5 dart slugs
  5 ribbon worms
  3 orcs (D:3)
  A bat (D:1)
  5 endoplasms
  2 giant cockroaches
  3 hobgoblins
  4 jackals (D:3)
  14 kobolds
  2 quokkas (D:5)
  7 ball pythons
  4 frilled lizards
  2 goblins
  11 rats
111 creatures vanquished.

Notes
Turn   | Place    | Note
-------+----------+-------------------------------------------
     0 | D:1      | Alarak the Barachi Hunter began the quest for the Orb.
     0 | D:1      | Reached XP level 1. HP: 17/17 MP: 1/1
   135 | D:1      | Reached XP level 2. HP: 24/24 MP: 2/2
   597 | D:2      | Reached XP level 3. HP: 30/30 MP: 3/3
  1085 | D:2      | Found a runed translucent door.
  1086 | D:2      | Noticed Crazy Yiuf
  1222 | D:2      | Killed Crazy Yiuf
  1223 | D:2      | Reached skill level 5 in Fighting
  1223 | D:2      | Reached XP level 4. HP: 39/39 MP: 4/4
  1366 | D:3      | Reached XP level 5. HP: 40/46 MP: 5/5
  1686 | D:3      | Found a runed translucent gate.
  1738 | D:3      | Found a runed translucent gate.
  1739 | D:3      | Found a runed translucent gate.
  1928 | D:3      | Noticed Skimidon's ghost (amateur DEHu)
  1965 | D:3      | Identified the +0 robe of the Everdark {Will- Int+9}
  1993 | D:3      | Found an iron altar of Okawaru.
  2216 | D:4      | Reached skill level 1 in Armour
  2216 | D:4      | Reached XP level 6. HP: 51/55 MP: 6/6
  2296 | D:4      | Reached skill level 2 in Armour
  2350 | D:4      | Reached skill level 3 in Armour
  2501 | D:4      | Reached skill level 4 in Armour
  2626 | D:4      | Identified the +8 chain mail of the Wilderness {rN++ Str-2}
  2744 | D:4      | Found a bloodstained altar of Trog.
  2749 | D:4      | Found a hide-covered altar of Uskayaw.
  3031 | D:5      | Entered Level 5 of the Dungeon
  3054 | D:5      | Found a glowing drain.
  3058 | Sewer    | Entered a sewer
  3084 | Sewer    | Reached XP level 7. HP: 60/60 MP: 7/7
  3213 | Sewer    | Reached skill level 5 in Armour
  3319 | Sewer    | Reached skill level 6 in Armour
  3681 | Sewer    | Reached skill level 7 in Armour
  3974 | D:5      | Reached XP level 8. HP: 59/67 MP: 8/8
  4070 | D:5      | Reached skill level 8 in Armour
  4276 | D:5      | Found a radiant altar of Vehumet.
  4416 | D:5      | Reached skill level 9 in Armour
  4431 | D:5      | Found a staircase to the Ecumenical Temple.
  4442 | Temple   | Entered the Ecumenical Temple
  4450 | Temple   | Became a worshipper of Cheibriados the Contemplative
  4909 | D:5      | Killed from afar by an orc wizard

Illustrated notes

Levels and vault maps discovered:
D:1:      nagdon_arrival_double_spiral, layout_basic
D:2:      layout_rooms, nicolae_kite_square_tiling_tiny, nrook_mini_vaults,
          hangedman_feature_mirror, uniq_crazy_yiuf_cottage
D:3:      layout_rooms, nicolae_overflow_crystal_walls,
          gammafunk_ghost_necromancy, serial_rivers,
          chequers_serial_rivers_micro_b, chequers_serial_rivers_small_b,
          chequers_serial_rivers_room_b, chequers_serial_rivers_marsh
D:4:      layout_cave_pools, mainiacjoe_overflow_big_doors, kennysheep_donut,
          item_on_display_a
D:5:      layout_basic, fiery_altar_vehumet, minmay_temple_entry_poolview,
          gup_sewer_entry_bowl, lightli_minifort
D:6:      layout_cave_pools, enter_ossuary_5, serial_glass, glass_columns_a,
          glass_columns_b, minmay_checkerbox
Temple:   sentei_temple_godly_chess

Skill      XL: |  1  2  3  4  5  6  7  8 |
---------------+-------------------------+-----
Fighting       | 3 4 5 6 7 |  7.1
Armour         | 1 4 7 9 |  9.9
Ranged Weapons | |  4.1
Dodging        | |  2.1
Stealth        | |  0.8

Action                     |  1- 3 |  4- 6 |  7- 9 || total
---------------------------+-------+-------+-------++-------
   Fire: Shortbow          |    79 |   162 |   224 ||   465
Ability: Hop               |     1 |     4 |     9 ||    14
    Use: Scroll            |     2 |     4 |     7 ||    13
         Potion            |       |       |     2 ||     2
 Armour: Leather armour    |    10 |    67 |       ||    77
         Chain mail        |       |    10 |    61 ||    71
         Ring mail         |       |       |    44 ||    44
  Dodge: Dodged            |    16 |    41 |    55 ||   112

Table legend: (Time is in decaauts)
 A = Elapsed time spent in this place.
 B = Non-inter-level travel time spent in this place.
 C = Inter-level travel time spent in this place.
 D = Time resting spent in this place.
 E = Time spent auto-exploring this place.
 F = Levels seen in this place.
 G = Mean time per level.
                   A        B        C        D        E       F      G
               +--------+--------+--------+--------+--------+-----+--------+
         Total |   5803 |   5325 |    478 |    974 |   3335 |   8 |  725.4 |
       Dungeon |   4753 |   4294 |    459 |    679 |   2888 |   6 |  792.2 |
        Temple |     21 |      3 |     18 |      0 |      0 |   1 |   21.0 |
         Sewer |   1029 |   1029 |      0 |    295 |    446 |   1 | 1029.0 |
               +--------+--------+--------+--------+--------+-----+--------+

Top non-repeatable levels by time:
     D:5: 1194 daAuts
   Sewer: 1029 daAuts
     D:2: 989 daAuts
     D:4: 953 daAuts
     D:3: 924 daAuts
     D:1: 656 daAuts
     D:6: 35 daAuts
  Temple: 21 daAuts
